AoeStats
← PNAL | Mr.Costas

Hideout

510196008Analyzed
1v1 RM · 19h ago on Sep 29, 2026· 29m 39s· 2 players
Game mode
Random Map
Map size
Tiny (2 player)
Population
200
Speed
Normal
Resources
Standard
Victory
Conquest
Starting age
Dark Age
Ending age
Imperial Age
RankedLock teamsTeams togetherTeam positionsShared explorationLock speedFull tech treeHidden civsTurbo modeCheats
Victory
Defeat
🇪🇸 Danes · Spain
1545
+18
🇦🇷 Khmer · Argentina
1599
-18
PNAL | Mr.Costas
9:01 Feudal Age
9:01 Man-at-Arms
10:10 Arson
14:45 Double-Bit Axe
20:01 Castle Age
18:24 Fletching
18:20 Horse Collar
20:02 Long Swordsman
20:35 Gambesons
21:00 Pikeman
21:43 Squires
21:49 Crossbowman
23:39 Gold Mining
24:03 Bow Saw
24:40 Sanctity
24:32 Scale Mail Armor
25:38 Forging
26:28 Redemption
27:08 Gold Shaft Mining
28:12 Chain Mail Armor
30:48 Iron Casting
AceroCromo
10:30 Feudal Age
13:13 Castle Age
13:02 Double-Bit Axe
15:19 Loom
22:09 Fletching
24:48 Scale Barding Armor
25:50 Light Cavalry
Connection lost

Rejoining the realm…

Still unreachable

The connection could not be restored.

Session expired

The server has moved on; the page needs a fresh start.